 Dungeon Crawl Stone Soup version 0.30-a0-799-g109b55a442 (webtiles) character file.

Game seed: 8816334322306964733

48507 Smoke131 the Warmonger (level 14, -1/129 HPs)
             Began as a Hill Orc Fighter on Feb 21, 2023.
             Was a High Priest of Okawaru.
             Slain by a skyshark (4 damage)
             ... while petrified by a basilisk
             ... on level 5 of the Lair of Beasts.
             The game lasted 00:53:49 (15694 turns).

Smoke131 the Warmonger (Hill Orc Fighter)          Turns: 15694, Time: 00:53:49

Health: -1/129     AC: 27    Str: 24    XL:     14   Next: 46%
Magic:  25/25      EV:  2    Int: 11    God:    Okawaru [*****.]
Gold:   2450       SH:  0    Dex: 10    Spells: 13/13 levels left

rFire   + . .      SeeInvis .    O - +0 broad axe (venom)
rCold   . . .      Faith    .    c - +0 buckler
rNeg    + + +      Spirit   .    b - +0 plate armour
rPois   ∞          Reflect  .    Q - +1 helmet {Int+3}
rElec   .          Harm     .    u - +2 cloak {rPois}
rCorr   .          Rampage  .    P - +0 pair of gloves
Will    +....                    D - +2 pair of boots Stlth
                                 r - amulet of regeneration
HPRegen 1.21/turn                n - ring of poison resistance
MPRegen 0.19/turn                q - ring of protection from fire

@: petrified
A: no striking features
a: Renounce Religion, Heroism, Finesse, Duel


You were on level 5 of the Lair of Beasts.
You worshipped Okawaru.
Okawaru was extremely pleased with you.
You visited 3 branches of the dungeon, and saw 16 of its levels.
You also visited: Sewer, Ossuary and Bailey.

You collected 2450 gold pieces.

Inventory:

Hand Weapons
 t - the +8 hammer "Hanounwone" {venom, Str+3 Dex+3}
   (You found it on level 3 of the Dungeon)

   Str:       It affects your strength (+3).
   Dex:       It affects your dexterity (+3).
 O - a +0 broad axe of venom (weapon)
Missiles
 p - 2 throwing nets (quivered)
Armour
 b - a +0 plate armour (worn)
 c - a +0 buckler (worn)
 u - a +2 cloak of poison resistance (worn)
 D - a +2 pair of boots (worn)
 P - a +0 pair of gloves (worn)
 Q - a +1 helmet of intelligence (worn)
Jewellery
 g - a ring of magical power
 k - an amulet of reflection
 n - a ring of poison resistance (left hand)
 o - a +5 ring of evasion
 q - a ring of protection from fire (right hand)
 r - an amulet of regeneration (around neck)
 M - a ring of protection from cold
 S - a ring of willpower
Wands
 j - a wand of mindburst (2)
 m - a wand of light (4)
 z - a wand of flame (43)
 H - a wand of polymorph (11)
 L - a wand of roots (4)
 N - a wand of digging (6)
Scrolls
 a - 2 scrolls of magic mapping
 d - 5 scrolls of poison
 f - 4 scrolls of identify
 v - 5 scrolls of vulnerability
 y - a scroll of fear
 A - 5 scrolls of teleportation
 B - 6 scrolls of blinking
 E - 3 scrolls of amnesia
 I - 7 scrolls of enchant armour
 J - 7 scrolls of enchant weapon
 R - a scroll of brand weapon
 T - a scroll of silence
Potions
 e - 5 potions of attraction
 h - 14 potions of curing
 i - 8 potions of heal wounds
 l - 2 potions of ambrosia
 s - 2 potions of might
 w - 3 potions of berserk rage
 x - 5 potions of haste
 C - 4 potions of flight
 G - a potion of resistance
 K - 7 potions of mutation
 U - a potion of brilliance


   Skills:
 + Level 13.4 Fighting
 + Level 13.5 Axes
 + Level 13.3 Armour
 + Level 13.3 Shields
 + Level 14.8 Invocations


You had 13 spell levels left.
You didn't know any spells.
Your spell library contained the following spells:

 Spells                   Type           Power      Damage    Failure   Level
 Freeze                   Ice            0%         1d3       98%         1
 Shock                    Conj/Air       0%         1d3       98%         1
 Cigotuvi's Dreadful Rot  Necr/Pois/Air  0%         N/A       99%         2
 Frozen Ramparts          Ice            0%         1d1       100%        3
 Hailstorm                Conj/Ice       0%         3d3       100%        3
 Swiftness                Air            0%         N/A       100%        3
 Airstrike                Air            0%         2d(0-16)  100%        4
 Dispel Undead            Necr           0%         3d6       100%        4
 Borgnjor's Vile Clutch   Necr/Erth      0%         N/A       100%        5
 Animate Dead             Necr           Unusable   N/A       N/A         4
 Death Channel            Necr           Unusable   N/A       N/A         6

Dungeon Overview and Level Annotations

Branches:
Dungeon (10/15)            Temple (1/1) D:4            Lair (5/5) D:8
 Shoals (0/4) Lair:3       Spider (0/4) Lair:3        Slime (0/5) Lair:5
    Orc (0/2) D:10          Sewer (visited)         Ossuary (visited)
 Bailey (visited)

Altars:
Ashenzari
Cheibriados
Dithmenos
Elyvilon
Fedhas
Gozag
Hepliaklqana
Kikubaaqudgha
Makhleb
Nemelex Xobeh
Okawaru
Qazlal
Ru
Sif Muna
Trog
Uskayaw
Vehumet
Wu Jian
Xom
Yredelemnul
Zin
The Shining One
Jiyva

Shops:
D:6 (


Message History

The skyshark tail-slaps you!
* * * LOW HITPOINT WARNING * * *
The blink frog blinks!
The blink frog hits you but does no damage.
The basilisk bites you but does no damage.
The lindwurm bites you but does no damage.
The lindwurm claws you but does no damage. x2
The komodo dragon bites you!
* * * LOW HITPOINT WARNING * * *
The elephant tramples you but does no damage.
The elephant trunk-slaps you but does no damage.
The skyshark bites you but does no damage.
The skyshark tail-slaps you but does no damage.
The skyshark tail-slaps you.
* * * LOW HITPOINT WARNING * * *
The blink frog completely misses you. The basilisk gazes at you.
The lindwurm bites you but does no damage.
The lindwurm claws you but does no damage. x2
The blink frog blinks!
The elephant tramples you!
* * * LOW HITPOINT WARNING * * *
You hold your ground!
The elephant barely misses you. The komodo dragon bites you.
The skyshark bites you but does no damage.
The skyshark tail-slaps you but does no damage. x2
The blink frog hits you but does no damage.
The basilisk bites you.
* * * LOW HITPOINT WARNING * * *
The blink frog hits you but does no damage.
The lindwurm bites you but does no damage.
The lindwurm claws you.
The lindwurm claws you but does no damage.
The komodo dragon bites you!!
* * * LOW HITPOINT WARNING * * *
The elephant tramples you but does no damage.
The elephant trunk-slaps you but does no damage.
The skyshark bites you!
* * * LOW HITPOINT WARNING * * *
The skyshark tail-slaps you!
You die...

##..........#......
#P..................
#......l..#........
####..Pl..#.#.....
###.....#..... . ##
##.#....##..D# ..
.###.#.#...##...###### ###.P.
...#....#..###..k.#..##......
...........F.§.Y@l..........#
.^.............llF.....^...#
./........#.....F..P......##
#..#...#.#.#.........#....#
#.####.#####.##########.###
### ### ### ##


You could see a skyshark (strong), a seven-headed hydra, an elephant, a
lindwurm, a komodo dragon, a basilisk and 3 blink frogs.

Vanquished Creatures
  3 hydras
  2 two-headed ogres
  3 death yaks
  2 tengu warriors (D:10)
  The ghost of cheesebisquit the Marksminotaur, a novice MiHu of Qazlal (D:8)
  3 skysharks
  Amaemon (Lair:1)
  A goliath frog (Lair:5)
  A lindwurm (Lair:2)
  A manticore (Lair:3)
  10 elephants
  An orange demon (Lair:1)
  Maurice (D:8)
  A torpor snail (Lair:4)
  7 black mambas
  19 cane toads
  A gargoyle (D:10)
  5 komodo dragons
  A troll (D:9)
  A wind drake (Lair:3)
  4 polar bears
  A tyrant leech (Lair:5)
  2 hornets
  19 blink frogs
  A dream sheep (Lair:3)
  Sigmund (D:2)
  A spriggan (Lair:3)
  2 wyverns
  23 yaks
  3 basilisks
  A steam dragon (D:8)
  9 vampire mosquitoes
  An acid dragon (D:9)
  8 water moccasins
  11 black bears
  9 orc warriors
  A hornet zombie (Ossuary)
  2 ice beasts
  A sky beast (D:8)
  2 ogres
  14 wolves
  3 centaurs (D:9)
  2 phantoms
  3 kobold brigands
  Blork the orc (D:4)
  5 wyvern zombies (Ossuary)
  15 bullfrogs
  5 scorpions
  A gnoll sergeant (D:10)
  A water moccasin zombie (Ossuary)
  8 wights
  4 killer bees
  3 howler monkeys (D:7)
  An electric eel (Lair:1)
  7 bullfrog zombies (Ossuary)
  2 centaur zombies (Ossuary)
  Crazy Yiuf (D:3)
  6 hounds
  2 orc priests
  2 jellies
  Natasha (thrice) (D:3)
  2 iguanas
  10 orc wizards
  3 killer bee zombies (Ossuary)
  11 mummies (Ossuary)
  Robin (D:3)
  10 gnolls
  A howler monkey zombie (Ossuary)
  4 adders
  3 shadow imps (D:6)
  2 white imps
  An ufetubus (D:5)
  A worm (D:2)
  3 dart slugs
  65 orcs
  6 endoplasms
  6 giant cockroaches
  19 goblins
  9 hobgoblins
  10 kobolds
  8 quokkas
  6 ball pythons
  6 bats
  2 frilled lizards
  7 rats
452 creatures vanquished.

Vanquished Creatures (others)
  39 fungi
  102 plants
  9 withered plants
150 creatures vanquished.

Grand Total: 602 creatures vanquished

Notes
Turn   | Place    | Note
-------+----------+-------------------------------------------
     0 | D:1      | Smoke131 the Hill Orc Fighter began the quest for the Orb.
     0 | D:1      | Reached XP level 1. HP: 19/19 MP: 1/1
   122 | D:1      | Reached XP level 2. HP: 9/27 MP: 2/2
   339 | D:1      | Reached XP level 3. HP: 32/33 MP: 3/3
   845 | D:2      | Noticed Sigmund
  1045 | D:2      | Killed Sigmund
  1046 | D:2      | Reached XP level 4. HP: 33/41 MP: 4/4
  1046 | D:2      | Reached XP level 5. HP: 37/47 MP: 5/5
  1084 | D:1      | Reached skill level 5 in Fighting
  1094 | D:2      | Reached XP level 6. HP: 51/56 MP: 6/6
  1351 | D:2      | Found a faded altar of an unknown god.
  1418 | D:2      | Found a shimmering altar of Xom.
  1797 | D:3      | Noticed Robin
  1802 | D:3      | Killed Robin
  1896 | D:3      | Reached skill level 5 in Axes
  1927 | D:3      | Noticed Natasha
  1942 | D:3      | Killed Natasha
  1944 | D:3      | Reached skill level 5 in Shields
  2028 | D:3      | Reached skill level 5 in Armour
  2028 | D:3      | Reached XP level 7. HP: 61/61 MP: 7/7
  2090 | D:3      | Noticed Natasha
  2099 | D:3      | Killed Natasha
  2111 | D:3      | Noticed Natasha
  2117 | D:3      | Killed Natasha
  2292 | D:3      | Identified the +8 hammer "Hanounwone" {venom, Str+3 Dex+3}
  2296 | D:3      | Found a runed translucent door.
  2297 | D:3      | Noticed Crazy Yiuf
  2403 | D:3      | Killed Crazy Yiuf
  2486 | D:4      | Found a bloodstained altar of Trog.
  2558 | D:4      | Noticed Blork the orc
  2592 | D:4      | Killed Blork the orc
  2629 | D:4      | Found a staircase to the Ecumenical Temple.
  2664 | Temple   | Entered the Ecumenical Temple
  2861 | Temple   | Became a worshipper of Warmaster Okawaru
  3106 | D:4      | Found a basalt altar of Yredelemnul.
  3165 | D:4      | Reached skill level 1 in Invocations
  3254 | D:5      | Entered Level 5 of the Dungeon
  3271 | D:5      | Reached XP level 8. HP: 53/71 MP: 7/9
  3338 | D:4      | Reached skill level 2 in Invocations
  3423 | D:5      | Found a glowing drain.
  3440 | Sewer    | Entered a sewer
  3486 | Sewer    | Reached * piety under Okawaru
  3565 | D:5      | Reached skill level 3 in Invocations
  3693 | D:5      | Found a sand-covered staircase.
  3698 | Ossuary  | Entered an ossuary
  3826 | Ossuary  | Reached skill level 4 in Invocations
  3826 | Ossuary  | Reached XP level 9. HP: 72/79 MP: 10/12
  3830 | Ossuary  | Reached ** piety under Okawaru
  4007 | Ossuary  | Reached skill level 5 in Invocations
  5071 | D:6      | Found Letaive's Weapon Shoppe.
  5130 | D:6      | Reached *** piety under Okawaru
  6137 | D:7      | Reached skill level 6 in Invocations
  6446 | D:7      | Found a faded altar of an unknown god.
  6446 | D:7      | Found a hide-covered altar of Uskayaw.
  6454 | D:7      | Found a snail-covered altar of Cheibriados.
  6456 | D:7      | Found a blossoming altar of Fedhas.
  6458 | D:7      | Found a faded altar of an unknown god.
  6718 | D:8      | Reached XP level 10. HP: 74/90 MP: 14/14
  6851 | D:8      | Reached skill level 7 in Invocations
  6871 | D:8      | Found a flagged portal.
  6884 | Bailey   | Entered a bailey
  7006 | Bailey   | Reached **** piety under Okawaru
  7144 | Bailey   | Reached skill level 10 in Armour
  7144 | Bailey   | Reached skill level 10 in Shields
  7144 | Bailey   | Reached skill level 10 in Invocations
  7144 | Bailey   | Reached XP level 11. HP: 97/97 MP: 15/18
  7188 | D:8      | Found a large runed translucent door.
  7188 | D:8      | Found a large runed translucent door.
  7300 | D:8      | Found a staircase to the Lair.
  7653 | D:8      | Noticed Maurice
  7692 | D:8      | Killed Maurice
  7693 | D:8      | Reached skill level 10 in Axes
  7887 | D:8      | Noticed cheesebisquit's ghost (novice MiHu)
  7932 | D:8      | Killed cheesebisquit's ghost
  7933 | D:8      | Reached skill level 10 in Fighting
  7995 | D:9      | Reached skill level 11 in Invocations
  8382 | D:9      | Reached skill level 12 in Invocations
  8677 | D:9      | Noticed a two-headed ogre
  8695 | D:9      | Killed a two-headed ogre
  8696 | D:9      | Reached XP level 12. HP: 56/106 MP: 21/21
  8904 | D:10     | Entered Level 10 of the Dungeon
  9008 | D:10     | Noticed a tengu warrior
  9088 | D:10     | Noticed a tengu warrior
  9099 | D:10     | Killed a tengu warrior
  9100 | D:10     | Reached skill level 13 in Invocations
  9147 | D:10     | Killed a tengu warrior
  9198 | D:10     | Found a staircase to the Orcish Mines.
  9373 | D:10     | Noticed a two-headed ogre
  9389 | D:10     | Killed a two-headed ogre
  9706 | D:10     | Found a glowing silver altar of Zin.
  9707 | D:10     | Found an opulent altar of Gozag.
  9880 | Lair:1   | Entered Level 1 of the Lair of Beasts
  9880 | Lair:1   | Noticed Amaemon
  9906 | Lair:1   | Killed Amaemon
 10329 | Lair:1   | Reached ***** piety under Okawaru
 10630 | Lair:1   | Identified the +2 trident of Intuition {heavy, rPois
                  | Stlth+}
 11013 | Lair:1   | Received a gift from Okawaru
 11169 | Lair:2   | You fall into a shaft and drop 1 floor!
 11276 | Lair:3   | Found a hole to the Spider Nest.
 11363 | Lair:2   | Noticed a death yak
 11363 | Lair:2   | Noticed a death yak
 11363 | Lair:2   | Noticed a death yak
 11449 | Lair:2   | Noticed a four-headed hydra
 11473 | Lair:1   | Killed a four-headed hydra
 11473 | Lair:1   | Received a gift from Okawaru
 11474 | Lair:1   | Reached XP level 13. HP: 100/116 MP: 21/23
 12577 | Lair:2   | Received a gift from Okawaru
 12824 | Lair:3   | Found a staircase to the Shoals.
 13882 | Lair:4   | Reached skill level 14 in Invocations
 13913 | Lair:4   | Identified the +1 leather armour "Lenun" {SInv}
 14378 | Lair:4   | Reached XP level 14. HP: 123/127 MP: 24/24
 14721 | Lair:5   | Entered Level 5 of the Lair of Beasts
 14721 | Lair:5   | Found a viscous altar of Jiyva.
 14721 | Lair:5   | Found a staircase to the Slime Pits.
 15201 | Lair:4   | Identified a scroll of acquirement
 15204 | Lair:4   | Acquired 1233 gold pieces
 15694 | Lair:5   | HP: 3/129 [skyshark (7)]
 15694 | Lair:5   | Slain by a skyshark

Illustrated notes

Levels and vault maps discovered:
D:1:      minmay_arrival_arboretum_small, layout_basic,
          dreamdust_princess_corridor, minmay_strange_pillars,
          kennysheep_decorative_pillar
D:2:      layout_basic, hellmonk_ecumenical_altar_pennies_from_heaven,
          basic_altar, uniq_sigmund
D:3:      layout_basic, uniq_robin, uniq_natasha, uniq_crazy_yiuf_cottage
D:4:      layout_basic, mainiacjoe_overflow_catwalk_spiral,
          minmay_temple_entry_wispy, uniq_blork_the_orc
D:5:      layout_basic, nicolae_ossuary_entry_plus, gup_sewer_entry_pipe,
          dk_vineyard_2
D:6:      layout_layer_cave, serial_shops, nicolae_shop_window_shopping
D:7:      layout_loops_ring, chequers_temple_overflow_minitemple
D:8:      layout_basic, grunt_lair_entry_orc_guard_hut,
          ebering_ghost_disaster_area, enter_bailey_3, uniq_maurice
D:9:      layout_roguey, hangedman_decor_points, st_stairs_14
D:10:     layout_basic, grunt_temple_overflow_gold_and_silver, david_orc_2,
          minmay_fractal_squares_5
Temple:   regret_index_temple_generic_petals
Lair:1:   layout_cave_pods, serial_bayou_shore_a, infiniplex_staircase_pool_2,
          uniq_amaemon
Lair:2:   layout_regular_city, serial_bayou_shore_b
Lair:3:   layout_gridlike, minmay_shoals_entry_beasts, spider_nest_entry_a,
          beast_lair_carwin_1
Lair:4:   beargit_carnivore_pack, layout_regular_city,
          chequers_serial_rivers_small_a, minivault_27,
          grunt_forest_stairs_clearing
Lair:5:   minmay_lair_end_frog_pond, layout_concentric_octagons, slime_entry_1,
          gammafunk_ghost_grave, chequers_serial_rivers_micro_d

Skill      XL: |  1  2  3  4  5  6  7  8  9 10 11 12 13 14 |
---------------+-------------------------------------------+-----
Axes           | 3 4 5 6 7 8 9 10 11 12 13 | 13.5
Fighting       | 4 5 6 7 8 9 10 11 12 13 | 13.4
Armour         | 4 5 6 7 10 11 12 13 | 13.3
Shields        | 4 5 6 7 10 11 12 13 | 13.3
Invocations    | 1 4 6 10 12 13 14 | 14.8

Action                     |  1- 3 |  4- 6 |  7- 9 | 10-12 | 13-15 || total
---------------------------+-------+-------+-------+-------+-------++-------
  Melee: War axe           |    74 |   118 |   553 |   785 |       ||  1530
         Mace              |       |       |       |     6 |    15 ||    21
         Broad axe         |       |       |       |       |   581 ||   581
 Invoke: Heroism           |       |       |       |     5 |     5 ||    10
         Finesse           |       |       |       |     3 |     3 ||     6
  Evoke: Wand              |       |     1 |     2 |     4 |       ||     7
    Use: Potion            |     1 |       |       |     3 |     1 ||     5
         Scroll            |       |       |    16 |     2 |     8 ||    26
   Stab: Invisible         |       |     1 |     3 |       |       ||     4
 Armour: Scale mail        |    38 |    39 |   171 |   151 |       ||   399
         Plate armour      |       |       |       |   231 |   594 ||   825
  Dodge: Dodged            |    39 |    46 |   377 |   485 |   273 ||  1220
  Block: Buckler           |    25 |    73 |   175 |   259 |   268 ||   800
         Reflection        |     1 |     3 |       |       |       ||     4

Table legend: (Time is in decaauts)
 A = Elapsed time spent in this place.
 B = Non-inter-level travel time spent in this place.
 C = Inter-level travel time spent in this place.
 D = Time resting spent in this place.
 E = Time spent auto-exploring this place.
 F = Levels seen in this place.
 G = Mean time per level.
                   A        B        C        D        E       F      G
               +--------+--------+--------+--------+--------+-----+--------+
         Total |  15907 |  15297 |    610 |   1250 |   8142 |  19 |  837.2 |
       Dungeon |   9118 |   8615 |    503 |    478 |   5370 |  10 |  911.8 |
        Temple |    223 |    185 |     38 |      0 |    181 |   1 |  223.0 |
          Lair |   5816 |   5747 |     69 |    740 |   2586 |   5 | 1163.2 |
         Sewer |     93 |     93 |      0 |      0 |      0 |   1 |   93.0 |
       Ossuary |    386 |    386 |      0 |      0 |      0 |   1 |  386.0 |
        Bailey |    268 |    268 |      0 |     32 |      4 |   1 |  268.0 |
               +--------+--------+--------+--------+--------+-----+--------+

Top non-repeatable levels by time:
  Lair:1: 1335 daAuts
  Lair:2: 1332 daAuts
  Lair:3: 1305 daAuts
     D:8: 1196 daAuts
  Lair:4: 1157 daAuts
     D:5: 1066 daAuts
     D:6: 1054 daAuts
     D:9: 965 daAuts
     D:1: 913 daAuts
     D:3: 850 daAuts
    D:10: 831 daAuts
     D:2: 817 daAuts
     D:7: 783 daAuts
  Lair:5: 687 daAuts
     D:4: 641 daAuts
